 Dungeon Crawl Stone Soup version 0.18.1-48-g4cf74bf (webtiles) character file.

23265 dvd the Geomancer (level 13, 0/74 HPs)
             Began as a Gargoyle Earth Elementalist on June 28, 2016.
             Was an Elder of Vehumet.
             Slain by a seven-headed hydra (3 damage)
             ... on level 5 of the Lair of Beasts.
             The game lasted 01:04:33 (16274 turns).

dvd the Geomancer (Gargoyle Earth Elementalist)    Turns: 16274, Time: 01:04:33

Health: 0/74       AC: 24    Str: 12      XL:     13   Next: 5%
Magic:  7/35       EV: 12    Int: 20      God:    Vehumet [****..]
Gold:   521        SH:  3    Dex:  9 (11) Spells: 6 memorised, 6 levels left

rFire  . . .     SeeInvis +     a - +6 quarterstaff (chaos)
rCold  . . .     Gourm    .     r - +5 ring mail of the Heavens {MP+9 Stlth+}
rNeg   + . .     Faith    .     (shield currently unavailable)
rPois  ∞         Spirit   .     (helmet restricted)
rElec  +         Dismiss  .     t - +2 cloak {rPois}
rCorr  .         Reflect  +     (no gloves)
SustAt .         Harm     .     (no boots)
MR     +....                    P - +3 amulet of reflection
Stlth  +++.......               w - ring of protection from magic
                                E - ring of see invisible

@: very slightly contaminated, hasted, very quick, somewhat resistant to hostile
enchantments, fairly stealthy
A: horns 1, talons 1, negative energy resistance 1, regeneration 1, electricity
resistance, unbreathing, petrification resistance, rot immunity, subdued magic
1, AC +9
a: Renounce Religion


You were on level 5 of the Lair of Beasts.
You worshipped Vehumet.
Vehumet was greatly pleased with you.
You were not hungry.

You visited 3 branches of the dungeon, and saw 15 of its levels.

You collected 947 gold pieces.
You spent 426 gold pieces at shops.

Inventory:

Hand Weapons
 a - a +6 quarterstaff of chaos (weapon)
 i - a +2 flail of crushing
 u - a +2 vampiric spear
 A - a +2 flail of holy wrath
Missiles
 b - 236 stones (quivered)
Armour
 r - the +5 ring mail of the Heavens (worn) {MP+9 Stlth+}
   (You bought it in a shop on level 4 of the Dungeon)

   It affects your magic capacity (+9).
   It makes you more stealthy.
 t - a +2 cloak of poison resistance (worn)
 v - a +1 helmet
 K - the +3 warlock's mirror {reflect}
   (You acquired it on level 3 of the Lair of Beasts)
 N - a +0 robe of positive energy
 O - a +0 scale mail of fire resistance
Jewellery
 h - an uncursed amulet of dismissal
 w - a ring of protection from magic (right hand)
 E - a ring of see invisible (left hand)
 G - an uncursed ring of resist corrosion
 H - a +3 ring of strength
 P - a +3 amulet of reflection (around neck)
Wands
 j - a wand of flame (38/48)
 n - a wand of flame (18/48)
 o - a wand of iceblast (9/15)
 B - a wand of lightning (7/15)
 J - a wand of flame (16/48)
 M - a wand of disintegration (9/24)
Scrolls
 g - 14 scrolls of remove curse
 k - a scroll of blinking
 m - 3 scrolls of fog
 q - 12 scrolls of identify
 y - 2 scrolls of amnesia
 R - 2 scrolls of enchant armour
Potions
 e - 3 potions of curing
 f - 2 potions of ambrosia
 l - 2 potions of haste
 x - 2 potions of agility
 Q - a potion of flight
 S - a potion of magic
Books
 c - a book of Geomancy

   Spells                             Type                      Level
   a - Sandblast                      Earth                        1
   b - Passwall                       Transmutation/Earth          2
   c - Stone Arrow                    Conjuration/Earth            3
   d - Petrify                        Transmutation/Earth          4
   e - Lee's Rapid Deconstruction     Earth                        5
 p - a Grand Grimoire

   Spells                             Type                      Level
   a - Monstrous Menagerie            Summoning                    7
   b - Summon Greater Demon           Summoning                    7
   c - Malign Gateway                 Summoning/Translocation      7
   d - Summon Horrible Things         Summoning                    8
 C - a book of Callings

   Spells                             Type                      Level
   a - Summon Small Mammal            Summoning                    1
   b - Call Imp                       Summoning                    2
   c - Call Canine Familiar           Summoning                    3
   d - Summon Guardian Golem          Hexes/Summoning              3
   e - Summon Lightning Spire         Summoning/Air                4
   f - Summon Ice Beast               Ice/Summoning                4
 D - a book of the Tempests

   Spells                             Type                      Level
   a - Static Discharge               Conjuration/Air              3
   b - Lightning Bolt                 Conjuration/Air              5
   c - Fireball                       Conjuration/Fire             5
   d - Tornado                        Air                          9
   e - Shatter                        Earth                        9
 L - the Incunabulum of the Helpful Entourage
   (You found it on level 2 of the Lair of Beasts)

   Spells                             Type                      Level
   a - Summon Small Mammal            Summoning                    1
   b - Spectral Weapon                Hexes/Charms                 3
   c - Iskenderun's Battlesphere      Conjuration/Charms           5
   d - Summon Demon                   Summoning                    5
   e - Deflect Missiles               Charms/Air                   6
Comestibles
 d - 9 bread rations
 s - 3 beef jerkies
 z - 2 slices of pizza
 I - a meat ration


   Skills:
 + Level 6.2 Fighting
 + Level 0.2(4.0) Maces & Flails
 + Level 0.3(3.7) Polearms
 + Level 6.6 Staves
 + Level 6.6 Armour
 + Level 6.7 Dodging
 + Level 6.1 Stealth
 + Level 2.4 Shields
 + Level 9.7 Spellcasting
 + Level 7.4 Conjurations
 * Level 3.5 Charms
 + Level 0.5 Translocations
   Level 0.7 Transmutations
 + Level 1.8 Ice Magic
 + Level 11.5 Earth Magic


You had 6 spell levels left.
You knew the following spells:

 Your Spells              Type           Power        Failure   Level  Hunger
a - Throw Icicle          Conj/Ice       ###.....     4%          4    ##.....
b - Stone Arrow           Conj/Erth      #####.       1%          3    None
c - Lee's Rapid Deconstr  Erth           #####.....   1%          5    #####..
d - Iskenderun's Battles  Conj/Chrm      ###.....     14%         5    #####..
e - Iskenderun's Mystic   Conj           ####....     2%          4    ##.....
f - Force Lance           Conj/Tloc      ###.....     9%          4    ##.....


Dungeon Overview and Level Annotations

Branches:
Dungeon (9/15)             Temple (1/1) D:4            Lair (5/8) D:9
  Swamp (0/4) Lair:3
  Snake: Lair:3-6    Spider: Lair:3-6       Orc: D:9-12

Altars:
Ashenzari
Cheibriados
Dithmenos
Elyvilon
Fedhas
Gozag
Kikubaaqudgha
Makhleb
Nemelex Xobeh
Okawaru
Qazlal
Ru
Trog
Vehumet
Xom
Yredelemnul
Zin
The Shining One

Shops:
D:4 *   D:8 *?


Innate Abilities, Weirdness & Mutations

You are resistant to torment.
Your stone body is resilient (AC +9).
You are immune to poison.
You resist negative energy.
You are resistant to electric shocks.
You can survive without breathing.
You are immune to petrification.
You are immune to rotting.
You have a pair of small horns on your head.
You have sharp toenails.
Your natural rate of healing is unusually fast.
Your spells are a little easier to cast, but a little less powerful.


Message History

The seven-headed hydra bites you!
* * * LOW HITPOINT WARNING * * *
The seven-headed hydra bites you but does no damage.
The seven-headed hydra bites you.
* * * LOW HITPOINT WARNING * * *
Casting: Stone Arrow
Confirm with . or Enter, or press ? or * to list all spells.
Aiming: Force Lance
Press: ? - help, Shift-Dir - straight line, f/p - seven-headed hydra
Aim: a seven-headed hydra (severely wounded)
You miscast Force Lance.
You feel a wrenching sensation.
The seven-headed hydra bites you but does no damage.
The seven-headed hydra barely misses you.
The seven-headed hydra bites you!
* * * LOW HITPOINT WARNING * * *
The seven-headed hydra barely misses you.
The seven-headed hydra bites you but does no damage.
The seven-headed hydra barely misses you.
The seven-headed hydra bites you.
You die...

############# ### ########
.......†....## #@###......#
.............####D##P.....#
......<.......##.......#.##
......†.....P###........##
.............##.........#
.....................####
..P..................# ##
...................#.#..##
......P..................##


You could see a seven-headed hydra.

Vanquished Creatures
  Erolcha (D:8)
  Erica (D:7)
  2 hydras
  3 black mambas
  The ghost of PeterLawrence the Basher, a novice MiFi (D:6)
  3 elephants (Lair:5)
  2 spiny frogs
  A spiny frog (shapeshifter) (Lair:5)
  A rime drake (Lair:4)
  6 komodo dragons
  Grinder (D:4)
  24 blink frogs
  Sigmund (D:4)
  2 wyverns
  13 yaks
  3 basilisks
  2 hippogriffs
  A soldier ant (Lair:4)
  3 water moccasins
  6 porcupines
  2 ice beasts
  An orc warrior (D:7)
  3 sky beasts
  A black bear (D:6)
  4 phantoms
  12 wolves
  3 centaurs
  6 crocodiles
  Blork the orc (D:4)
  9 giant frogs
  3 scorpions
  A howler monkey (D:6)
  3 electric eels (Lair:3)
  2 giant frog zombies
  2 jellies
  4 hounds
  7 orc priests
  12 iguanas
  9 orc wizards
  A centaur skeleton (D:8)
  A giant frog skeleton (D:5)
  Crazy Yiuf (D:3)
  Jessica (D:3)
  Terence (D:3)
  14 worker ants
  27 sheep
  A hound zombie (D:7)
  A worker ant zombie (D:9)
  Robin (D:2)
  4 gnolls (D:4)
  34 river rats
  14 adders
  3 shadow imps
  2 oozes
  An adder skeleton (D:7)
  An adder zombie (D:5)
  3 worms
  3 dart slugs
  7 giant geckos
  17 orcs
  A ball python (D:1)
  A giant cockroach (D:2)
  14 goblins
  9 hobgoblins
  4 jackals (D:2)
  5 kobolds
  A quokka (D:5)
  4 bats
  A giant gecko skeleton (D:5)
  A giant gecko zombie (D:6)
  9 giant newts
  6 rats
  2 butterflies (D:3)
  A fungus (Lair:5)
  A plant (Lair:3)
360 creatures vanquished.

Vanquished Creatures (collateral kills)
  A spiny frog (Lair:3)
  A komodo dragon (Lair:3)
  A giant frog (Lair:3)
  2 giant newts (Lair:3)
5 creatures vanquished.

Vanquished Creatures (others)
  The ghost of boogeech the Magician, a novice DsEn of Okawaru (D:9)
  A wizard (D:3)
  A wolf (Lair:1)
  A goblin (D:2)
  A bat (D:2)
  A rat (D:2)
  7 plants
13 creatures vanquished.

Grand Total: 378 creatures vanquished

Notes
Turn   | Place    | Note
--------------------------------------------------------------
     0 | D:1      | dvd the Gargoyle Earth Elementalist began the quest for the Orb.
     0 | D:1      | Reached XP level 1. HP: 10/10 MP: 3/3
   413 | D:1      | Reached skill level 4 in Earth Magic
   628 | D:1      | Reached XP level 2. HP: 13/15 MP: 0/5
  1019 | D:1      | Reached XP level 3. HP: 13/19 MP: 2/6
  1149 | D:2      | Noticed Robin
  1392 | D:2      | Learned a level 3 spell: Stone Arrow
  1711 | D:2      | Killed Robin
  1727 | D:2      | Reached XP level 4. HP: 24/24 MP: 1/8
  1874 | D:2      | Found a faded altar to an unknown god.
  1971 | D:2      | Found a white marble altar of Elyvilon.
  2537 | D:3      | Noticed Crazy Yiuf
  2544 | D:3      | Killed Crazy Yiuf
  2544 | D:3      | Reached XP level 5. HP: 28/28 MP: 4/10
  2654 | D:3      | Found a shimmering altar of Xom.
  2664 | D:3      | Reached skill level 1 in Armour
  2700 | D:3      | Noticed Terence
  2705 | D:3      | Killed Terence
  2705 | D:3      | Reached skill level 5 in Earth Magic
  2836 | D:3      | Noticed Jessica
  2850 | D:3      | Killed Jessica
  2962 | D:3      | Found a bloodstained altar of Trog.
  2965 | D:3      | Noticed a wizard
  2970 | D:3      | Killed a wizard
  3364 | D:4      | Noticed a phantom
  3375 | D:4      | Killed a phantom
  3375 | D:4      | Reached XP level 6. HP: 33/33 MP: 1/12
  3476 | D:4      | Noticed Sigmund
  3484 | D:4      | Killed Sigmund
  3484 | D:4      | Reached skill level 6 in Earth Magic
  3484 | D:4      | Reached XP level 7. HP: 37/37 MP: 6/13
  3485 | D:4      | Found a staircase to the Ecumenical Temple.
  3522 | D:4      | You fall through a shaft for 3 floors!
  4032 | D:7      | Reached skill level 1 in Staves
  4032 | D:7      | Reached skill level 5 in Spellcasting
  4253 | D:6      | Reached skill level 7 in Earth Magic
  4253 | D:6      | Reached XP level 8. HP: 41/42 MP: 14/16
  4311 | D:5      | Entered Level 5 of the Dungeon
  4353 | D:4      | Reached skill level 1 in Fighting
  4445 | Temple   | Entered the Ecumenical Temple
  4746 | D:4      | Noticed Blork the orc
  4751 | D:4      | Killed Blork the orc
  4756 | D:4      | Found an ancient bone altar of Kikubaaqudgha.
  4994 | D:4      | Found a radiant altar of Vehumet.
  5016 | D:4      | Became a worshipper of Vehumet
  5179 | D:4      | Noticed Grinder
  5191 | D:4      | Killed Grinder
  5192 | D:4      | Found Ydiyntop's General Store.
  5339 | D:4      | Learned a level 5 spell: Lee's Rapid Deconstruction
  6060 | D:5      | Reached skill level 1 in Conjurations
  6228 | D:5      | Reached XP level 9. HP: 48/49 MP: 10/17
  6310 | D:5      | Reached * piety under Vehumet
  6310 | D:5      | Offered knowledge of Freeze by Vehumet.
  6586 | D:6      | Reached skill level 8 in Earth Magic
  6786 | D:6      | Noticed PeterLawrence's ghost (novice MiFi)
  6926 | D:6      | Got a bloodstained war axe
  6927 | D:6      | Identified the +2 war axe of Kiwn {antimagic, rPois} (You found it on level 6 of the Dungeon)
  7278 | D:6      | Killed PeterLawrence's ghost
  7578 | D:8      | Reached skill level 5 in Dodging
  7684 | D:8      | Offered knowledge of Sting by Vehumet.
  7729 | D:8      | Found Pahats's General Store.
  7729 | D:8      | Noticed Erica
  7755 | D:7      | Killed Erica
  7755 | D:7      | Reached ** piety under Vehumet
  7755 | D:7      | Reached XP level 10. HP: 44/56 MP: 12/20
  8119 | D:8      | Found a sacrificial altar of Ru.
  8154 | D:8      | Noticed Erolcha
  8168 | D:8      | Killed Erolcha
  8168 | D:8      | Reached skill level 9 in Earth Magic
  8539 | D:8      | Found Ecwis's Magic Scroll Shoppe.
  8539 | D:8      | Noticed a death knight
  8944 | D:8      | Gained mutation: You have sharp toenails. [potion of beneficial mutation]
  8947 | D:8      | Gained mutation: Your spells are a little easier to cast, but a little less powerful. [potion of mutation]
  8947 | D:8      | Gained mutation: Your natural rate of healing is unusually fast. [potion of mutation]
  8947 | D:8      | Gained mutation: You have a pair of small horns on your head. [potion of mutation]
  9124 | D:9      | Found a burning altar of Makhleb.
  9124 | D:9      | Noticed a cacodemon
  9127 | D:9      | Noticed a smoke demon
  9127 | D:9      | Noticed a smoke demon
  9180 | D:9      | Found a stormy altar of Qazlal.
  9237 | D:9      | Noticed boogeech's ghost (novice DsEn)
  9242 | D:9      | Banished boogeech's ghost
  9258 | D:9      | Found a staircase to the Lair.
  9624 | D:9      | Found a shadowy altar of Dithmenos.
  9906 | D:9      | Reached skill level 5 in Conjurations
 10104 | D:4      | Bought the +5 ring mail of the Heavens {MP+9 Stlth+} for 426 gold pieces
 10241 | Lair:1   | Entered Level 1 of the Lair of Beasts
 10344 | Lair:1   | Reached skill level 5 in Stealth
 10345 | Lair:1   | Reached skill level 5 in Staves
 10348 | Lair:1   | Reached XP level 11. HP: 62/62 MP: 16/22
 10524 | Lair:1   | Reached skill level 10 in Earth Magic
 10530 | Lair:1   | Reached skill level 5 in Fighting
 10533 | Lair:1   | Offered knowledge of Throw Flame by Vehumet.
 10692 | Lair:1   | Reached *** piety under Vehumet
 11102 | Lair:1   | Reached skill level 1 in Shields
 11264 | Lair:1   | Reached skill level 5 in Armour
 11268 | Lair:1   | Offered knowledge of Throw Icicle by Vehumet.
 11275 | Lair:1   | Learned a level 4 spell: Throw Icicle
 11825 | Lair:2   | Reached **** piety under Vehumet
 11849 | Lair:2   | Noticed a four-headed hydra
 11862 | Lair:2   | Killed a four-headed hydra
 12024 | Lair:2   | Identified the Incunabulum of the Helpful Entourage (You found it on level 2 of the Lair of Beasts)
 12042 | Lair:2   | Learned a level 5 spell: Iskenderun's Battlesphere
 12176 | Lair:2   | Offered knowledge of Iskenderun's Mystic Blast by Vehumet.
 12189 | Lair:2   | Learned a level 4 spell: Iskenderun's Mystic Blast
 12777 | Lair:2   | Reached XP level 12. HP: 68/68 MP: 19/24
 13106 | Lair:3   | Found a staircase to the Swamp.
 13132 | Lair:3   | Reached skill level 1 in Ice Magic
 13402 | Lair:3   | Identified a scroll of acquirement
 14013 | Lair:3   | Reached skill level 1 in Charms
 14022 | Lair:3   | Reached skill level 11 in Earth Magic
 14557 | Lair:4   | Noticed a four-headed hydra
 14571 | Lair:4   | Killed a four-headed hydra
 14580 | Lair:4   | Reached ***** piety under Vehumet
 14590 | Lair:4   | Offered knowledge of Force Lance by Vehumet.
 14603 | Lair:4   | Learned a level 4 spell: Force Lance
 15824 | Lair:5   | Noticed a queen ant
 16114 | Lair:5   | Noticed a seven-headed hydra
 16114 | Lair:5   | Reached XP level 13. HP: 67/74 MP: 10/26
 16274 | Lair:5   | HP: 3/74 [seven-headed hydra (11)]
 16274 | Lair:5   | Slain by a seven-headed hydra

Skill      XL: |  1  2  3  4  5  6  7  8  9 10 11 12 |
---------------+-------------------------------------+-----
Earth Magic    | 4 5 6 7 8 9 10 11 | 11.5
Spellcasting   | 3 4 5 6 7 8 9 |  9.7
Dodging        | 2 4 5 6 |  6.7
Armour         | 1 2 3 4 5 6 |  6.6
Staves         | 1 2 4 5 6 |  6.6
Fighting       | 2 3 4 5 6 |  6.2
Stealth        | 3 4 5 6 |  6.1
Conjurations   | 1 3 5 6 7 |  7.4
Shields        | 2 |  2.4
Ice Magic      | 1 |  1.8
Charms         | 3 |  3.5
Maces & Flails | |  0.2
Polearms       | |  0.3
Translocations | |  0.5
Transmutations | |  0.7

Action                   |  1- 3 |  4- 6 |  7- 9 | 10-12 | 13-15 || total
-------------------------+-------+-------+-------+-------+-------++-------
Melee: Whip              |    21 |    47 |       |       |       ||    68
       Spear             |       |     5 |       |       |       ||     5
       Quarterstaff      |       |    27 |   228 |   398 |    11 ||   664
       Kick              |       |       |       |    93 |     4 ||    97
       Headbutt          |       |       |       |    54 |       ||    54
 Cast: Sandblast         |    50 |    62 |    37 |       |       ||   149
       Stone Arrow       |       |     2 |    49 |   151 |     9 ||   211
       Lee's Rapid Decon |       |       |       |    43 |       ||    43
       Throw Icicle      |       |       |       |    41 |       ||    41
       Iskenderun's Myst |       |       |       |     6 |     2 ||     8
       Force Lance       |       |       |       |     5 |       ||     5
       Iskenderun's Batt |       |       |       |     3 |     2 ||     5
Evoke: Wand              |       |       |       |       |     1 ||     1
  Use: Scroll            |       |       |    14 |     8 |     1 ||    23
       Potion            |       |       |       |    18 |     3 ||    21
 Stab: Sleeping          |     2 |     1 |     3 |     8 |       ||    14
       Confused          |       |       |     3 |     1 |       ||     4
       Paralysed         |       |       |       |     1 |       ||     1
       Distracted        |       |       |       |     1 |       ||     1
       Petrifying        |       |       |       |     3 |       ||     3
  Eat: Chunk             |     3 |     6 |    15 |    36 |       ||    60
       Meat ration       |       |     1 |       |     1 |       ||     2
       Pizza             |       |       |       |     3 |       ||     3
       Beef jerky        |       |       |       |     2 |       ||     2
Armor: Robe              |     3 |       |    27 |       |       ||    30
       Ring mail         |    15 |       |       |   229 |    53 ||   297
       Leather armour    |     2 |    44 |    18 |       |       ||    64
       Scale mail        |       |       |    92 |    31 |       ||   123
Dodge: Dodged            |    28 |    59 |   177 |   291 |    36 ||   591
Block: Other             |       |       |       |    72 |     8 ||    80
